 Dungeon Crawl Stone Soup version 0.17-a0-2208-ge5ab1d3 (webtiles) character file.

64 Goblin1989 the Firebug (level 4, -1/24 HPs)
             Began as a Gargoyle Fire Elementalist on Oct 26, 2015.
             Killed by nerve-wracking pain
             ... invoked by Jessica
              (11 damage)
             ... on level 2 of the Dungeon.
             The game lasted 00:21:10 (1473 turns).

Goblin1989 the Firebug (Gargoyle Fire Elementalist) Turns: 1473, Time: 00:21:10

Health: -1/24      AC:  5    Str: 12    XL:     4   Next: 12%
Magic:  7/7        EV: 17    Int: 16    God:
Gold:   122        SH:  0    Dex: 15    Spells: 2 memorised, 4 levels left

rFire  . . .     SeeInvis .     e - +0 dagger
rCold  . . .     Clarity  .     a - +0 robe
rNeg   + . .     SustAt   .     (no shield)
rPois  ∞         Gourm    .     (no helmet)
rElec  +         Spirit   .     (no cloak)
rCorr  .         Warding  .     (no gloves)
rMut   .         Stasis   .     (no boots)
MR     .....                    (no amulet)
Stlth  ++........               (no ring)
                                (no ring)

@: confused, agile, flying (expiring), not resistant to hostile enchantments,
unstealthy
A: negative energy resistance 1, electricity resistance, unbreathing,
petrification resistance, rot immunity, AC +3
a: no special abilities


You were on level 2 of the Dungeon.
You were not hungry.

You visited 1 branch of the dungeon, and saw 2 of its levels.

You collected 122 gold pieces.

Inventory:

Hand Weapons
 e - a +0 dagger (weapon)
Missiles
 k - 7 poisoned needles
Armour
 a - a +0 robe (worn)
Wands
 p - a wand of random effects (24)
Scrolls
 d - a scroll of recharging {unknown}
 f - a scroll of immolation {unknown}
 g - a scroll of remove curse {unknown}
 h - 2 scrolls of enchant armour {unknown}
 i - 2 scrolls of enchant weapon {unknown}
 m - 2 scrolls of amnesia {unknown}
 n - a scroll of teleportation {unknown}
Books
 b - a book of Flames

   Spells                             Type                      Level
   a - Flame Tongue                   Conjuration/Fire             1
   b - Throw Flame                    Conjuration/Fire             2
   c - Conjure Flame                  Conjuration/Fire             3
   d - Inner Flame                    Hexes/Fire                   3
   e - Sticky Flame                   Conjuration/Fire             4
   f - Fireball                       Conjuration/Fire             5
Comestibles
 c - a bread ration
 o - 2 chunks of flesh


   Skills:
 - Level 1.5 Dodging
 - Level 2.1 Stealth
 + Level 2.6 Spellcasting
 + Level 2.6 Conjurations
 * Level 3.7 Fire Magic


You had 4 spell levels left.
You knew the following spells:

 Your Spells              Type           Power        Failure   Level  Hunger
a - Flame Tongue          Conj/Fire      ##...        8%          1    #......
b - Conjure Flame         Conj/Fire      ##......     17%         3    ###....


Dungeon Overview and Level Annotations

Branches:
Dungeon (2/15)

Altars:

Annotations:
D:2 Jessica


Innate Abilities, Weirdness & Mutations

You are resistant to torment.
Your stone body is resilient (AC +3).
You are immune to poison.
You resist negative energy.
You are resistant to electric shocks.
You can survive without breathing.
You are immune to petrification.
You are immune to rotting.


Message History

You bump into the rock wall.
Something hits you.
Unknown command.
You closely miss something.
You hear a zap.
You are more confused.
You hit something but do no damage.
You are starting to lose your buoyancy.
Something closely misses you.
Unknown command.
You bump into the rock wall.
Something hits you.
You miss something.
You hear some strange, mumbled words.
Unknown command.
You bump into the rock wall.
You hear some strange, mumbled words.
Pain shoots through your body!
You miss something.
You hear some strange, mumbled words.
Pain shoots through your body!
You die...

## ##. #.# .(#
...#########.# #######.# ..
#..........# .....##.###.##
###...... ###............
##...#####
####............## ##..###
#
###............#...####>.##
#
....###).......{##.##...##
# ##### ##.<...#..@#....###
# #######..)#...## #
#...#....#### #
##...#.......### #
#)..###....#.).# # ##...#
##.......### #
##.).###...........####
##...## ######..#.......
#...## ##.........


There were no monsters in sight!

Vanquished Creatures
  Terence (D:2)
  A gnoll (D:1)
  A ball python (D:1)
  A bat (D:1)
  8 goblins
  6 hobgoblins
  4 kobolds
  5 giant newts
  2 rats (D:1)
29 creatures vanquished.

Notes
Turn   | Place    | Note
--------------------------------------------------------------
     0 | D:1      | Goblin1989 the Gargoyle Fire Elementalist began the quest for the Orb.
     0 | D:1      | Reached XP level 1. HP: 10/10 MP: 3/3
   117 | D:1      | Reached XP level 2. HP: 15/15 MP: 1/5
   511 | D:1      | Reached XP level 3. HP: 19/19 MP: 2/6
   600 | D:1      | Learned a level 3 spell: Conjure Flame
  1064 | D:2      | Noticed Terence
  1064 | D:2      | Noticed Jessica
  1320 | D:2      | Killed Terence
  1320 | D:2      | Reached XP level 4. HP: 13/24 MP: 0/7
  1473 | D:2      | Killed from afar by Jessica

Vault maps used:
D:1:      dpeg_arrival_lava_temple_mockup, minmay_door_square
D:2:      xom_teletrap_fun, serial_curves, eino_curves_04, eino_curves_02,
          uniq_terence, uniq_jessica

Action                   |  1- 3 |  4- 6 || total
-------------------------+-------+-------++-------
Melee: Dagger            |    19 |     8 ||    27
       Unarmed           |     3 |       ||     3
 Cast: Flame Tongue      |    40 |     1 ||    41
       Conjure Flame     |     1 |       ||     1
  Use: Potion            |       |     2 ||     2
  Eat: Chunk             |     2 |       ||     2
